Workbook

Sheet Invoice
A1: INVOICE
A2: Invoice number: NS-2026-001
A3: Issued: 2026-10-03 Due: 2026-10-17
A4: Currency: USD — all amounts below use this currency
A6: FROM
A7: North Studio
A8: hello@northstudio.example
A9: 14 Example Lane, Sample City
A11: BILL TO
A12: Linden Coffee
A13: billing@lindencoffee.example
A14: 28 Demo Street, Sample City
A16: Description | B16: Quantity | C16: Rate | D16: Amount
A17: Brand identity design | B17: 10 | C17: 100 | D17: =IF(Calculations!E2,Calculations!F2/100,"Check item 1") -> 1000
A18: Menu layout | B18: 2 | C18: 125 | D18: =IF(Calculations!E3,Calculations!F3/100,"Check item 2") -> 250
A19: Subtotal | D19: =IF(Calculations!E4,Calculations!F4/100,"Check items or subtotal") -> 1250
A20: Discount | C20: 0.1 | D20: =IF(Calculations!E5,Calculations!F5/100,"Check discount or items") -> 125
A21: Tax after discount | C21: 0.08 | D21: =IF(Calculations!E6,Calculations!F6/100,"Check tax or items") -> 90
A22: Total due (USD) | D22: =IF(Calculations!E7,Calculations!F7/100,"Check inputs or total limit") -> 1215
A24: NOTES & PAYMENT DETAILS
A25: Bank transfer - use invoice NS-2026-001 as the reference.
A26: Payment due within 14 days. Thank you for your business!

Sheet Calculations
A1: Item / calculation | B1: Quantity × 1,000 | C1: Rate × 10,000 | D1: Integer product | E1: Valid inputs | F1: Amount in minor units
A2: Item 1 | B2: =IFERROR(ROUND(Invoice!B17*1000,0),0) -> 10000 | C2: =IFERROR(ROUND(Invoice!C17*10000,0),0) -> 1000000 | D2: =B2*C2 -> 10000000000 | E2: =IFERROR(AND(ISNUMBER(Invoice!B17),ISNUMBER(Invoice!C17),Invoice!B17>=0,Invoice!B17<=10000,Invoice!C17>=0,Invoice!C17<=1000000,ROUND(Invoice!B17,3)=Invoice!B17,ROUND(Invoice!C17,4)=Invoice!C17,D2<=999999999999999,(QUOTIENT(D2,100000)+IF(MOD(D2,100000)*2>=100000,1,0))<=9999999999),FALSE) -> TRUE | F2: =IF(E2,QUOTIENT(D2,100000)+IF(MOD(D2,100000)*2>=100000,1,0),"") -> 100000
A3: Item 2 | B3: =IFERROR(ROUND(Invoice!B18*1000,0),0) -> 2000 | C3: =IFERROR(ROUND(Invoice!C18*10000,0),0) -> 1250000 | D3: =B3*C3 -> 2500000000 | E3: =IFERROR(AND(ISNUMBER(Invoice!B18),ISNUMBER(Invoice!C18),Invoice!B18>=0,Invoice!B18<=10000,Invoice!C18>=0,Invoice!C18<=1000000,ROUND(Invoice!B18,3)=Invoice!B18,ROUND(Invoice!C18,4)=Invoice!C18,D3<=999999999999999,(QUOTIENT(D3,100000)+IF(MOD(D3,100000)*2>=100000,1,0))<=9999999999),FALSE) -> TRUE | F3: =IF(E3,QUOTIENT(D3,100000)+IF(MOD(D3,100000)*2>=100000,1,0),"") -> 25000
A4: Subtotal | E4: =AND(COUNT(F2:F3)=2,SUM(F2:F3)<=9999999999) -> TRUE | F4: =IF(E4,SUM(F2:F3),"") -> 125000
A5: Discount | B5: =IFERROR(F4,0) -> 125000 | C5: =IFERROR(ROUND(Invoice!C20*100000,0),0) -> 10000 | D5: =B5*C5 -> 1250000000 | E5: =IFERROR(AND(E4,ISNUMBER(Invoice!C20),Invoice!C20>=0,Invoice!C20<=1,ROUND(Invoice!C20,5)=Invoice!C20,D5<=999999999999999),FALSE) -> TRUE | F5: =IF(E5,QUOTIENT(D5,100000)+IF(MOD(D5,100000)*2>=100000,1,0),"") -> 12500
A6: Tax after discount | B6: =IFERROR((F4-F5),0) -> 112500 | C6: =IFERROR(ROUND(Invoice!C21*100000,0),0) -> 8000 | D6: =B6*C6 -> 900000000 | E6: =IFERROR(AND(AND(E4,E5),ISNUMBER(Invoice!C21),Invoice!C21>=0,Invoice!C21<=1,ROUND(Invoice!C21,5)=Invoice!C21,D6<=999999999999999),FALSE) -> TRUE | F6: =IF(E6,QUOTIENT(D6,100000)+IF(MOD(D6,100000)*2>=100000,1,0),"") -> 9000
A7: Total due | E7: =IFERROR(AND(E4,E5,E6,F4-F5+F6<=9999999999),FALSE) -> TRUE | F7: =IF(E7,F4-F5+F6,"") -> 121500

Sheet Editing guide
A1: Your editable invoice
A2: Edit the business details, descriptions, quantities, rates and percentages on Invoice. Amounts recalculate; formula cells are protected to prevent accidental replacement. Sheet protection has no password and is not a security feature.
A3: Excel supports quantities with up to 3 decimal places, rates with up to 4, and tax or discount percentages with up to 3. Each amount and the total must be no more than $99,999,999.99. Very large quantity × rate combinations are also checked before download. PDF and Word support the editor's wider range.
A4: Discount and tax cells are percentages: enter 10% for ten percent. Tax applies after the discount. Invalid pasted values also show a Check message instead of a payable total.
A5: Amounts use USD and round half-up to 2 decimal places. Calculations shows the scaled integers and rounding steps. Changing the currency label does not convert values or change the formulas.
A6: Long text continues in the following rows. Edit those text cells as needed; do not move quantities or amounts into continuation rows. Increase row height if you add text, and check every printed page.
A7: To add items or change currency, return to the generator and download again. If you unprotect and change formulas or insert rows in Excel, you must update the references and check all totals.
A8: Print or export only the Invoice sheet. Repeated column headings and page breaks help keep long invoices readable. The Editing guide and Calculations sheets are for your records.
A9: The workbook cannot be imported back into the website. Keep a JSON backup from the generator to restore your draft.
